[Event "Late-Titled-Tuesday-Blitz-April-23-2024"]
[Site "Chess.com"]
[Date "2024.04.23"]
[Round "6"]
[White "MuhittinBuker"]
[Black "rikchessmx"]
[Result "1-0"]
[WhiteElo "2166"]
[BlackElo "2297"]
[TimeControl "180+1"]
[EndTime "15:07:44 PDT"]
[Termination "MuhittinBuker won on time"]

1. d4 Nf6 2. c4 e6 3. Nf3 c5 4. d5 b5 5. dxe6 fxe6 6. cxb5 d5 7.
g3 Bd6 8. Bg2 Qe7 9. O-O O-O 10.
a4 a6 11. b6 a5 12. Nc3 Nbd7 13. Nb5 Nxb6 14. b3 Bb8 15. Bb2 Bb7 16. Rc1 e5 17. Qc2 Nbd7 18. Ba3 Rc8 19. Rfd1 e4 20. Ng5 h6 21. Nh3 e3 22. f4 Ra6 23. Qf5 Rf8 24. Qc2 Rc8 25. Rd3 Re6 26. Rc3 Rec6 27. Qf5 Re6 28. Nd4 Rb6 29. Qc2 Ba6 30. Bxc5 Nxc5 31. Rxc5 Qd7 32. Rxc8+ Bxc8 33. Qxc8+ Qxc8 34. Rxc8+ Kh7 35. f5 Rb4 36. Ne6 Rxb3 37. Nf8+ Kg8 38. Ng6+ Kf7 39. Bf3 1-0

[Event "Late-Titled-Tuesday-Blitz-April-23-2024"]
[Site "Chess.com"]
[Date "2024.04.23"]
[Round "6"]
[White "gmcorrales"]
[Black "malakismayil"]
[Result "1-0"]
[WhiteElo "2857"]
[BlackElo "2584"]
[TimeControl "180+1"]
[EndTime "15:07:47 PDT"]
[Termination "gmcorrales won on time"]

1. e4 e5 2. f4 d5 3. exd5 Qxd5 4. Nc3 Qe6 5. fxe5 Qxe5+ 6. Be2 Bg4 7. d4 Qe6 8. Bf4 Bb4 9. Qd3 Nf6 10. O-O-O Bxc3 11. bxc3 O-O 12. d5 Qb6 13. Nf3 Nbd7 14. Qb5 Rfe8 15.
Rhe1 Qf2 16. Bxc7 Rac8 17. d6 Qxg2 18. Qxb7 Nc5 19. Qc6 Rxe2 20. Nd4 Rxc2+ 21. Kb1 Rb2+ 22. Kc1 Qxh2 23. d7 Bxd7 24. Qxc5 Rxa2 25. Bxh2 1-0

[Event "Late-Titled-Tuesday-Blitz-April-23-2024"]
[Site "Chess.com"]
[Date "2024.04.23"]
[Round "6"]
[White "Bilan_Danila"]
[Black "Mikhail_Bryakin"]
[Result "0-1"]
[WhiteElo "2566"]
[BlackElo "2819"]
[TimeControl "180+1"]
[EndTime "15:07:47 PDT"]
[Termination "Mikhail_Bryakin won on time"]

1. d4 g6 2. Nf3 Bg7 3. Bg5 h6 4. Bh4 d6 5. c3 g5 6. Bg3 Nf6 7. Nbd2 Bf5 8. e3 O-O 9. Bc4 c6 10. Qe2 Ne4 11. Nxe4 Bxe4 12. h4 g4 13. Nd2 Bf5 14. e4 Bc8 15. h5 d5 16. exd5 cxd5 17. Bd3 Nc6 18. O-O-O b5 19. Bxb5 Qb6 20. f3 Bf5 21.
fxg4 Bh7 22. Nb3 a6 23. Bd3 Bxd3 24. Rxd3 a5 25. g5 hxg5 26. h6 Bf6 27. Nc5 Ra7 28. Qf3 a4 29. Qxd5 a3 30. b4 Rd8 31. h7+ Kh8 32.
Qxf7 Nxb4 33. cxb4 Qxb4 34. Qb3 Qa5 35. Be5 Bxe5 36.
dxe5 Qxc5+ 37. Kb1 Rc8 38. e6 Rac7 39. Rdd1 Rc6 40. Ka1 Qe5+ 41. Kb1 Rc5 0-1

[Event "Late-Titled-Tuesday-Blitz-April-23-2024"]
[Site "Chess.com"]
[Date "2024.04.23"]
[Round "6"]
[White "dosto07"]
[Black "Casablanca"]
[Result "0-1"]
[WhiteElo "2499"]
[BlackElo "2698"]
[TimeControl "180+1"]
[EndTime "15:07:48 PDT"]
[Termination "Casablanca won on time"]

1. e4 b6 2. d4 Bb7 3. Nc3 e6 4. Nf3 Bb4 5. Bd3 Nf6 6. Qe2 d5 7. exd5 Nxd5 8. Bd2 Nxc3 9. bxc3 Be7 10. O-O Nd7 11.
a4 a5 12. c4 O-O 13. Rab1 Bc6 14. Be4 Bxe4 15. Qxe4 Nf6 16. Qe2 Qd7 17. Rb5 Rfd8 18.
c3 Qc6 19. Re1 Bd6 20. Bg5 Be7 21. Ne5 Qe8 22. Qf3 Nd7 23. Nc6 Bxg5 24. Rxg5 Rdc8 25.
d5 Nf8 26. Qf6 Ng6 27. Qf3 f6 28. Rg3 e5 29. Qg4 Qf7 30. h4 Re8 31. h5 Nf4 32. h6 g6 33. Rf3 g5 34. g3 Ng6 35.
Qf5 Rf8 36. Rd3 Ne7 37. Qd7 Nc8 38. Qf5 Nd6 39. Qg4 Rae8 40. Rf3 Qg6 41. Qd7 Rf7 42. Qg4 f5 43. Qh3 g4 44. Qg2 gxf3 45. Qxf3 Qxh6 46.
Nxe5 Rfe7 0-1

[Event "Late-Titled-Tuesday-Blitz-April-23-2024"]
[Site "Chess.com"]
[Date "2024.04.23"]
[Round "6"]
[White "A4RookA3"]
[Black "english_player_89"]
[Result "0-1"]
[WhiteElo "2359"]
[BlackElo "2530"]
[TimeControl "180+1"]
[EndTime "15:07:50 PDT"]
[Termination "english_player_89 won on time"]

1. d4 Nf6 2. Bf4 d6 3. Nc3 g6 4.
e4 Bg7 5. Qd2 h6 6. O-O-O Nbd7 7. e5 Nh5 8. e6 fxe6 9. Bd3 Kf7 10. Nh3 c6 11. Qe2 Nf8 12. Rhe1 Qa5 13. Bd2 Qb6 14.
Qf3+ Nf6 15. Nf4 Qxd4 16. Be3 Qb4 17. h4 e5 18. Nh3 Bg4 19. Qg3 Bxd1 20. Nxd1 Qxe1 21.
Bd2 Qh1 22. Qf3 Ke8 23. Qg3 e4 24. Be2 Kd7 25. f3 Nh5 26. Qg4+ Kc7 27. fxe4 Qh2 28.
Nf4 Be5 0-1

[Event "Late-Titled-Tuesday-Blitz-April-23-2024"]
[Site "Chess.com"]
[Date "2024.04.23"]
[Round "6"]
[White "Horokoskii"]
[Black "Arigu07"]
[Result "0-1"]
[WhiteElo "2172"]
[BlackElo "2570"]
[TimeControl "180+1"]
[EndTime "15:07:52 PDT"]
[Termination "Arigu07 won by checkmate"]

1. c4 a6 2. Nc3 e6 3. e4 c5 4.
Nf3 Qc7 5. d4 cxd4 6. Nxd4 Nf6 7.
Be3 Bb4 8. Bd3 Nc6 9. O-O Ne5 10. Rc1 O-O 11. b3 Neg4 12. g3 Nxe3 13. fxe3 Qe5 14.
Qf3 b6 15. Qf4 Qh5 16. Be2 Qa5 17. e5 Ne8 18. Ne4 Bb7 19. Ng5 f5 20. Qh4 h6 21.
Ndf3 Bd2 22. Rcd1 Bxe3+ 23. Kh1 hxg5 24. Qh5 g4 25. Rxd7 Bc6 26. Re7 Qxe5 27. Kg2 Qb2 28. Re1 Bxf3+ 29. Kf1 Bxe2+ 30. Rxe2 Qb1+ 31. Re1 Qd3+ 32. Re2 Qd1+ 33. Re1 Qf3# 0-1

[Event "Late-Titled-Tuesday-Blitz-April-23-2024"]
[Site "Chess.com"]
[Date "2024.04.23"]
[Round "6"]
[White "Aygehovit1992"]
[Black "Noki102"]
[Result "1-0"]
[WhiteElo "2712"]
[BlackElo "2512"]
[TimeControl "180+1"]
[EndTime "15:07:53 PDT"]
[Termination "Aygehovit1992 won by resignation"]

1. e4 e5 2. Nf3 Nc6 3. Nc3 Nf6 4. g3 Bc5 5. Bg2 d6 6. O-O O-O 7. d3 a5 8. h3 Kh8 9. Bg5 h6 10. Bh4 Be6 11. Kh2 g5 12. Nxg5 Ng4+ 13. Qxg4 Bxg4 14. Nxf7+ Rxf7 15. Bxd8 Bxh3 16. Bxh3 Rxd8 17. Kg2 Rdf8 18. Nd1 Nb4 19. Be6 Rf6 20. Bb3 b5 21. a3 Nc6 22. c3 b4 23. axb4 axb4 24. f3 bxc3 25. bxc3 Rb8 26. Bc4 Ne7 27. Ra2 Ng6 28. Nf2 Kg7 29.
Ng4 Rff8 30. Rh1 Rh8 31. Rh5 Rb1 32. Rf5 Rg1+ 33. Kh2 Rf8 34. Rxf8 Nxf8 35. d4 exd4 36. Kxg1 dxc3+ 37. Kf1 h5 38. Nf2 Nd7 39. Nd3 Bd4 40. Nf4 Kf6 41. Nxh5+ Kg5 42. Nf4 Nc5 43. Ne6+ Nxe6 44. Bxe6 Bf2 1-0

[Event "Late-Titled-Tuesday-Blitz-April-23-2024"]
[Site "Chess.com"]
[Date "2024.04.23"]
[Round "6"]
[White "ferrufino64"]
[Black "rynos0411"]
[Result "0-1"]
[WhiteElo "2297"]
[BlackElo "2510"]
[TimeControl "180+1"]
[EndTime "15:07:55 PDT"]
[Termination "rynos0411 won by checkmate"]

1. e4 c5 2. Nf3 d6 3. d4 cxd4 4. Nxd4 Nf6 5. Nc3 a6 6. h3 e5 7. Nb3 Be7 8. g4 h6 9. Be3 b5 10. Bg2 Bb7 11. a3 Nbd7 12. Qd2 Rc8 13. O-O-O Qc7 14.
Kb1 Bc6 15. f4 a5 16. g5 b4 17. axb4 axb4 18. Nd5 Bxd5 19. exd5 hxg5 20. fxe5 Nxe5 21. Nd4 Qc4 22. Nc6 b3 23. Rc1 Nxc6 24. cxb3 Qxb3 25.
Rc3 Qb5 26. dxc6 O-O 27. h4 g4 28. h5 Qf5+ 29. Kc1 Ra8 30. Qd3 Qe5 31. h6 Ra1+ 32. Kc2 Rxh1 33. Bxh1 d5 34. hxg7 Kxg7 35. Bd4 Qh2+ 36. Kb3 Rb8+ 37. Ka2 Qxb2# 0-1

[Event "Late-Titled-Tuesday-Blitz-April-23-2024"]
[Site "Chess.com"]
[Date "2024.04.23"]
[Round "6"]
[White "finec2"]
[Black "ural58"]
[Result "0-1"]
[WhiteElo "2235"]
[BlackElo "2557"]
[TimeControl "180+1"]
[EndTime "15:07:56 PDT"]
[Termination "ural58 won by checkmate"]

1. e4 d5 2. exd5 Qxd5 3. Nf3 Bg4 4. Be2 Nc6 5. d4 O-O-O 6. c4 Qf5 7. Be3 Bxf3 8. Bxf3 Nxd4 9. Bxd4 Qe6+ 10. Be2 c5 11. Qa4 cxd4 12. Kf1 Qa6 13. Qxa6 bxa6 14. Bd3 e5 15. Nd2 g6 16. g4 h5 17. f3 hxg4 18.
fxg4 Bh6 19. Nf3 Bf4 20. Kg2 Ne7 21. g5 Nf5 22. h4 Ne3+ 23. Kf2 Kd7 24. c5 a5 25. a3 Rb8 26. Rab1 Rb3 27. Ke2 Rhb8 28. h5 Rxb2+ 29. Rxb2 Rxb2+ 30. Ke1 Bg3# 0-1

[Event "Late-Titled-Tuesday-Blitz-April-23-2024"]
[Site "Chess.com"]
[Date "2024.04.23"]
[Round "6"]
[White "Kolle05"]
[Black "MyDream003"]
[Result "0-1"]
[WhiteElo "2573"]
[BlackElo "2824"]
[TimeControl "180+1"]
[EndTime "15:07:57 PDT"]
[Termination "MyDream003 won on time"]

1. e4 c6 2. d4 d5 3. e5 Bf5 4. Nf3 e6 5. Be2 h6 6. O-O Nd7 7. c3 a5 8. a4 Bh7 9. Nbd2 Ne7 10. Re1 Ng6 11. Nf1 Be7 12. Ng3 Qc7 13. Nh5 Bf8 14.
Be3 Ne7 15. c4 dxc4 16. Bxc4 Nb6 17. Bd3 Bxd3 18. Qxd3 Nbd5 19. Rac1 Nf5 20. Nd2 g6 21. Nf4 Nxf4 22. Bxf4 Rd8 23. Ne4 Be7 24. Rc4 Qb6 25.
Nf6+ Kf8 26. Qh3 Kg7 27. Rd1 Qxb2 28. Rc3 Nxd4 29. Kh1 Nf5 30. Rf1 Rd4 31. Bc1 Qe2 32. g4 Rd1 33. Rxd1 Qxd1+ 34. Kg2 Nd4 35. Rg3 Ne2 0-1

[Event "Late-Titled-Tuesday-Blitz-April-23-2024"]
[Site "Chess.com"]
[Date "2024.04.23"]
[Round "6"]
[White "Hsper248"]
[Black "Cayse"]
[Result "0-1"]
[WhiteElo "2635"]
[BlackElo "2819"]
[TimeControl "180+1"]
[EndTime "15:07:59 PDT"]
[Termination "Cayse won by resignation"]

1. d4 Nf6 2. c4 e6 3. Nf3 d5 4.
g3 Bb4+ 5. Bd2 Be7 6. Bg2 O-O 7.
Qc2 c6 8. h4 a5 9. Nc3 dxc4 10.
Rd1 b5 11. Ne5 Ra6 12. Bg5 Nd5 13. Be4 f5 14. Bg2 Bxg5 15. hxg5 Qxg5 16. e3 Nd7 17. Nxc6 Bb7 18. Nxd5 Bxc6 19. Nf4 Bxg2 20. Nxg2 Nb6 21. a4 Nxa4 22. Nf4 Qf6 23. b3 Nb6 24. bxc4 Nxc4 25. d5 exd5 26. Rxd5 Qa1+ 27. Rd1 Qb2 28. Qxb2 Nxb2 29. Rb1 Rc6 30. O-O Rc2 31. Ne6 Rfc8 32. Nd4 b4 33. Nxc2 Rxc2 34. Rfc1 Rxc1+ 35. Rxc1 a4 36. Rc8+ Kf7 37. Rb8 b3 38. Rb4 Ke6 39. Kf1 Nc4 40.
Ke2 b2 41. Kd3 a3 42. Kxc4 a2 43. Rxb2 a1=Q 44. Rb6+ Kf7 45. Rb8 Qa2+ 0-1

[Event "Late-Titled-Tuesday-Blitz-April-23-2024"]
[Site "Chess.com"]
[Date "2024.04.23"]
[Round "6"]
[White "andrew-blr"]
[Black "Narek_Ghimoyan"]
[Result "1-0"]
[WhiteElo "2625"]
[BlackElo "2444"]
[TimeControl "180+1"]
[EndTime "15:07:59 PDT"]
[Termination "andrew-blr won by resignation"]

1. d4 Nf6 2. c4 e6 3. Nc3 d5 4.
cxd5 Nxd5 5. e4 Nxc3 6. bxc3 c5 7.
Rb1 cxd4 8. cxd4 Nc6 9. Nf3 Bb4+ 10. Bd2 Bxd2+ 11. Qxd2 O-O 12. Bc4 b6 13. O-O Bb7 14. Rfd1 Rc8 15. Qf4 Ne7 16. Bd3 Ng6 17. Qg4 Qf6 18.
g3 Rc3 19. h4 h5 20. Qxh5 Rxd3 21. Rxd3 Bxe4 22. Ng5 Nf4 23. Nxe4 Nxh5 24. Nxf6+ Nxf6 25. Ra3 Rd8 26. Rxa7 Rxd4 27. Rxb6 Rd1+ 28. Kg2 Rd2 29.
a4 Ne4 30. Rb8+ Kh7 31. Rxf7 Kg6 32. Rf4 Nc5 33. Rb5 Nd3 34. Rg5+ Kh6 35. Rf8 Kh7 36. Rf7 e5 37. Rfxg7+ Kh8 38. Rf7 e4 39. Kf1 e3 40.
fxe3 Rd1+ 41. Kg2 Ne1+ 42. Kh3 Nd3 43. Rh5+ Kg8 44. Rf4 Ne5 45. Rxe5 1-0

[Event "Late-Titled-Tuesday-Blitz-April-23-2024"]
[Site "Chess.com"]
[Date "2024.04.23"]
[Round "6"]
[White "Ghost_Pepper"]
[Black "FM_Kappeler"]
[Result "1-0"]
[WhiteElo "2489"]
[BlackElo "2266"]
[TimeControl "180+1"]
[EndTime "15:08:00 PDT"]
[Termination "Ghost_Pepper won by resignation"]

1. e4 c5 2. Nf3 e6 3. g3 Nc6 4. Bg2 d5 5. exd5 exd5 6. d4 Nf6 7. O-O Be7 8. b3 O-O 9. Bb2 cxd4 10. Nxd4 Re8 11. h3 Bf8 12. Nc3 Ne4 13. Nxe4 dxe4 14. Nxc6 bxc6 15. Qxd8 Rxd8 16. Bxe4 Ba6 17. Rfd1 Rac8 18.
Rxd8 Rxd8 19. Bxc6 Rd2 20. Rc1 Bc5 21. Kh1 Bxf2 22.
Be5 Re2 23. Bf4 h5 24. Bf3 Re6 25. Kg2 Be3 26. Bxe3 Rxe3 27. Bxh5 Bb7+ 28. Kf2 Re5 29. Be2 Rf5+ 30. Ke3 Re5+ 31. Kd2 Rf5 32. Rf1 Re5 33.
c4 Bg2 34. Rf4 Bxh3 35. Bd3 g5 36. Rd4 Be6 37. b4 f5 38. a4 f4 39. gxf4 gxf4 40. Rxf4 Rh5 41. Kc3 Rh3 42. Kd4 Bd7 43. b5 Be6 44. c5 Bb3 45. Bc4+ Bxc4 46. Kxc4 Ra3 47. Kb4 Ra1 48. c6 Rc1 49. a5 Rb1+ 50. Kc5 Rc1+ 51. Rc4 Rd1 52. c7 1-0

[Event "Late-Titled-Tuesday-Blitz-April-23-2024"]
[Site "Chess.com"]
[Date "2024.04.23"]
[Round "6"]
[White "PNEPaul"]
[Black "Andrii_Prydun"]
[Result "0-1"]
[WhiteElo "1924"]
[BlackElo "2352"]
[TimeControl "180+1"]
[EndTime "15:08:00 PDT"]
[Termination "Andrii_Prydun won on time"]

1. e4 c5 2. Nf3 d6 3. d4 cxd4 4. c3 Nf6 5. Bd3 Qa5 6. O-O g5 7. cxd4 g4 8. Nfd2 Nc6 9. Nc4 Qh5 10. e5 dxe5 11. dxe5 Nxe5 12. Nxe5 Qxe5 13. Nc3 Bd7 14.
Re1 Qc7 15. Nb5 Qb8 16. Bg5 Bg7 17. Be2 Be6 18. Bxf6 Bxf6 19. Bxg4 a6 20. Bxe6 axb5 21. Bd7+ Kf8 22. Bxb5 Rg8 23. g3 Bxb2 24. Rb1 Bf6 25. Bc4 Qc7 26. Bb3 Rd8 27. Qh5 e6 28. Qxh7 Rd2 29. Qh6+ Bg7 30. Qxd2 Bc3 31. Qc2 Qa5 32. Rec1 Bd4 33. Qc8+ Kg7 34. Qc2 Rh8 35. Qe4 Qd2 36. Qg2 Qg5 37. Rd1 Bc5 38. Qf3 Rh6 39. Re1 Rf6 40. Qg2 Rxf2 41. Qxf2 Bxf2+ 42. Kxf2 Qb5 43. Kg1 Qd3 44. Rf1 Qg6 45. Kg2 Qd3 0-1

[Event "Late-Titled-Tuesday-Blitz-April-23-2024"]
[Site "Chess.com"]
[Date "2024.04.23"]
[Round "6"]
[White "xasid81"]
[Black "NajdorfPlayerc5"]
[Result "1-0"]
[WhiteElo "2670"]
[BlackElo "2470"]
[TimeControl "180+1"]
[EndTime "15:08:02 PDT"]
[Termination "xasid81 won on time"]

1. a3 g6 2. d4 Bg7 3. Nf3 d5 4. b4 Nf6 5. Bb2 O-O 6. e3 a5 7. b5 c6 8. a4 Bf5 9. Bd3 Bxd3 10. Qxd3 Nbd7 11. O-O Nb6 12. Nbd2 Qc7 13. c4 dxc4 14. Nxc4 cxb5 15. Nxb6 Qxb6 16. axb5 Nd5 17. Ba3 Rfc8 18.
Bc5 Qd8 19. b6 Nxb6 20. Qb5 Nd7 21. Ba3 Qb6 22. Qxd7 Rc7 23. Qa4 Rac8 24. Bc5 Qe6 25. Qxa5 Rc6 26. Qa2 Qd7 27. Rab1 Qc7 28. Qa7 Rb8 29.
Rb6 Rxb6 30. Qxb6 Qc8 31. Rb1 Qd7 32. h3 h5 33. Qb4 e6 34. Qb5 Qc7 35. Qb6 Qd7 36.
Qd6 Qc8 37. Ne5 Bf8 38. Qd7 Bxc5 39. Qxc8+ Rxc8 40. dxc5 Rxc5 41. f4 Rc7 42. g4 Kf8 43. gxh5 gxh5 44. Kg2 f6 45. Nf3 Kg7 46. Nd4 Kf7 47. Kg3 e5 48. f5 exd4 49. exd4 Rc3+ 50. Kf4 Rxh3 51. Rxb7+ Ke8 52. Ke4 Rh4+ 53. Kd5 Rf4 54. Rh7 Rxf5+ 55. Ke6 Rg5 56. Rh8+ 1-0

[Event "Late-Titled-Tuesday-Blitz-April-23-2024"]
[Site "Chess.com"]
[Date "2024.04.23"]
[Round "6"]
[White "lupta_robin"]
[Black "WoodlandMagic"]
[Result "0-1"]
[WhiteElo "2578"]
[BlackElo "2827"]
[TimeControl "180+1"]
[EndTime "15:08:04 PDT"]
[Termination "WoodlandMagic won by resignation"]

1. c4 e5 2. Nc3 Bb4 3. g3 Bxc3 4. bxc3 Ne7 5. Bg2 O-O 6. d3 Nbc6 7. Nf3 d6 8. O-O h6 9. e4 a6 10. d4 b5 11. c5 exd4 12. cxd4 dxc5 13. d5 Na5 14.
Qc2 Nc4 15. a4 Bg4 16. Nd2 Nxd2 17. Bxd2 c4 18. Bb4 Re8 19. h3 Bd7 20. Rfd1 Ng6 21.
f4 Qf6 22. e5 Qb6+ 23. Qf2 Qxf2+ 24. Kxf2 a5 25. Bc5 b4 26. d6 c6 27. Rd4 c3 28. g4 Rab8 29. Rc4 Nf8 30. Be3 Ne6 31. Bxc6 Bxc6 32. Rxc6 Rec8 33. Rxc8+ Rxc8 34. f5 Nf8 35. Ke2 b3 36. Kd3 Nd7 37. Bd4 c2 38. Bb2 Nxe5+ 39. Bxe5 c1=Q 40. Rxc1 Rxc1 41. Kd2 Rc2+ 42. Kd3 Rc8 43.
Ke4 f6 44. Bd4 Kf7 45. Kd5 Rc2 0-1

[Event "Late-Titled-Tuesday-Blitz-April-23-2024"]
[Site "Chess.com"]
[Date "2024.04.23"]
[Round "6"]
[White "prochn"]
[Black "NMJeevanK"]
[Result "0-1"]
[WhiteElo "2470"]
[BlackElo "2667"]
[TimeControl "180+1"]
[EndTime "15:08:06 PDT"]
[Termination "NMJeevanK won by resignation"]

1. d4 g6 2. g3 Bg7 3. Bg2 d6 4.
Nf3 Nf6 5. c4 O-O 6. O-O c6 7. Nc3 Bf5 8. Nh4 Be6 9. b3 d5 10.
cxd5 cxd5 11. Nf3 Nc6 12. a4 Rc8 13. Bb2 Qd7 14. Ne5 Nxe5 15. dxe5 Ng4 16. Nxd5 Nxe5 17.
e4 Rfd8 18. Qe2 h5 19. Rfd1 Bg4 20. f3 Nxf3+ 21. Bxf3 Bxf3 22. Qxf3 Bxb2 23. Nf6+ Bxf6 24. Rxd7 Rxd7 25. Rf1 Rc3 26. Qf4 Bd4+ 27. Kh1 e5 28. Qf6 Rxb3 29. Rc1 Rc3 30. Rb1 Rc6 31. Qf1 Rdc7 32. Qb5 Rc2 33. Qd5 Rf2 34. Qd8+ Kg7 35. Qh4 Rcc2 36. Rd1 a6 37. Rb1 b5 38. axb5 axb5 39.
Qh3 b4 40. g4 hxg4 41. Qg3 b3 42. Qh4 b2 43. Rg1 0-1

[Event "Late-Titled-Tuesday-Blitz-April-23-2024"]
[Site "Chess.com"]
[Date "2024.04.23"]
[Round "6"]
[White "cthake"]
[Black "PawnEatingZombie"]
[Result "1-0"]
[WhiteElo "1875"]
[BlackElo "2220"]
[TimeControl "180+1"]
[EndTime "15:08:06 PDT"]
[Termination "cthake won on time"]

1. e4 c5 2. Nf3 Nc6 3. c3 Nf6 4.
Bd3 c4 5. Bc2 e6 6. O-O Be7 7.
h3 a6 8. a4 Rb8 9. e5 Nd5 10. d4 cxd3 11. Qxd3 d6 12. exd6 Bxd6 13.
Bg5 Be7 14. Bxe7 Qxe7 15. Qe4 Nf6 16. Qe2 O-O 17. Na3 b6 18. Rad1 Bb7 19. Nc4 Qc7 20.
Nce5 Nxe5 21. Nxe5 Rbd8 22. Ng4 Nxg4 23. Qxg4 Qc6 24.
f3 Qc5+ 25. Kh1 f5 26. Qg5 Rxd1 27. Rxd1 Bc6 28. Rd8 h6 29. Rxf8+ Qxf8 30. Qe3 Qd6 31. Qxb6 Kh7 32. Qxa6 Qg3 33. Qf1 Bd5 34. b4 Qe5 35. c4 Ba8 36. c5 1-0

[Event "Late-Titled-Tuesday-Blitz-April-23-2024"]
[Site "Chess.com"]
[Date "2024.04.23"]
[Round "6"]
[White "AungTZ"]
[Black "Good_Knight_Kiss"]
[Result "0-1"]
[WhiteElo "2043"]
[BlackElo "2451"]
[TimeControl "180+1"]
[EndTime "15:08:09 PDT"]
[Termination "Good_Knight_Kiss won on time"]

1. e4 c5 2. Nf3 d6 3. Bb5+ Nd7 4. O-O a6 5. Bxd7+ Bxd7 6. h3 Bc6 7. Re1 Nf6 8. d4 Bxe4 9. Bg5 d5 10. Bxf6 gxf6 11. Nc3 cxd4 12. Nxd4 e6 13. Nxe4 dxe4 14. Rxe4 Bc5 15.
Nb3 Qxd1+ 16. Rxd1 Be7 17. Red4 a5 18. a4 b6 19. Rd7 Rd8 20. Rxd8+ Bxd8 21. Nd4 O-O 22. Nc6 Bc7 23. Rd7 Be5 24. c3 Kg7 25. g3 Rc8 26. Ne7 Rc4 27. f4 Bc7 28. Kg2 f5 29. Kf3 Kf6 30.
Ke3 e5 0-1

[Event "Late-Titled-Tuesday-Blitz-April-23-2024"]
[Site "Chess.com"]
[Date "2024.04.23"]
[Round "6"]
[White "WoolworthsManly"]
[Black "teresin05"]
[Result "0-1"]
[WhiteElo "2666"]
[BlackElo "2334"]
[TimeControl "180+1"]
[EndTime "15:08:09 PDT"]
[Termination "teresin05 won on time"]

1. e4 c5 2. Nf3 Nc6 3. d4 cxd4 4. Nxd4 Nf6 5. Nc3 d6 6. Bg5 e6 7.
Qd2 a6 8. O-O-O Bd7 9. Kb1 b5 10. f3 Be7 11. Nxc6 Bxc6 12. h4 O-O 13. Ne2 Qb6 14. g4 b4 15. Bxf6 Bxf6 16. g5 Be7 17. h5 a5 18. Nd4 Bd7 19. g6 a4 20. h6 fxg6 21. hxg7 Rf7 22. Bc4 Rxg7 23. Bxe6+ Bxe6 24. Nxe6 Rf7 25. Qd5 Rc8 26. Ng5 Bxg5 27. Rxh7 Qc7 28. c4 Kxh7 29. Qxg5 Qxc4 30. Rh1+ Kg7 31. Qh6+ Kf6 32.
Qf4+ Ke7 33. Qg5+ Kd7 34. Ka1 a3 35. bxa3 bxa3 36. Qe3 Qc3+ 37. Qxc3 Rxc3 0-1

[Event "Late-Titled-Tuesday-Blitz-April-23-2024"]
[Site "Chess.com"]
[Date "2024.04.23"]
[Round "6"]
[White "dianamirza"]
[Black "BenchGM"]
[Result "0-1"]
[WhiteElo "2025"]
[BlackElo "2238"]
[TimeControl "180+1"]
[EndTime "15:08:10 PDT"]
[Termination "BenchGM won by checkmate"]

1. g3 d5 2. Bg2 Nf6 3. b3 c5 4. Bb2 Nc6 5. d3 d4 6. Nd2 e5 7.
Ngf3 h5 8. Nc4 Qc7 9. a4 Be6 10. e3 O-O-O 11. Qe2 Nb4 12. O-O-O Na2+ 13. Kb1 Nc3+ 14. Bxc3 dxc3 15. Nfxe5 Ng4 16. f4 Nxe5 17. fxe5 b5 18. axb5 Be7 19. Qe1 Bxc4 20. dxc4 Qa5 21. Rd3 Rxd3 22. cxd3 f6 23. exf6 Bxf6 24. Qc1 c2+ 25.
Kxc2 Qc3+ 26. Kd1 Qxd3+ 27. Qd2 Qxb3+ 28. Ke2 Qxc4+ 29. Kf2 Rf8 30. Bh3+ Kc7 31. Kg2 Qe4+ 32. Kg1 Bg5 33. Qd7+ Kb8 34. Qd6+ Kb7 35. Bg2 Bxe3# 0-1

[Event "Late-Titled-Tuesday-Blitz-April-23-2024"]
[Site "Chess.com"]
[Date "2024.04.23"]
[Round "6"]
[White "merinasian"]
[Black "SidArun"]
[Result "1-0"]
[WhiteElo "2516"]
[BlackElo "2344"]
[TimeControl "180+1"]
[EndTime "15:08:11 PDT"]
[Termination "merinasian won on time"]

1. d4 d5 2. Nf3 e6 3. e3 f5 4. Nbd2 Nh6 5. c4 c6 6. Ne5 g6 7. b3 Nf7 8. Nxf7 Kxf7 9. Nf3 Bg7 10. h4 h6 11. Ne5+ Bxe5 12. dxe5 Nd7 13. cxd5 cxd5 14. Qd4 Qb6 15. Ba3 Qa5+ 16. Bb4 Qc7 17. Bd6 Qa5+ 18. b4 Qa3 19. Be2 Nb6 20. O-O Bd7 21. Rfc1 Rac8 22. Rc5 Na4 23. Ra5 a6 24. b5 Rc1+ 25. Kh2 Qc3 26. Qxc3 Rxc3 27. Rxa4 axb5 28. Rb4 g5 29. Bxb5 Bc6 30. Bxc6 bxc6 31. a4 Rc2 32. Kg1 f4 33. exf4 gxh4 34. Rab1 h3 35. gxh3 Rg8+ 36. Kf1 Rc3 37.
R4b3 Rc4 38. a5 Rxf4 39. a6 Ra4 40. Ra3 1-0

[Event "Late-Titled-Tuesday-Blitz-April-23-2024"]
[Site "Chess.com"]
[Date "2024.04.23"]
[Round "6"]
[White "maurovargas01"]
[Black "Iuckyducky"]
[Result "1-0"]
[WhiteElo "1920"]
[BlackElo "2227"]
[TimeControl "180+1"]
[EndTime "15:08:11 PDT"]
[Termination "maurovargas01 won by checkmate"]

1. e4 c5 2. Nc3 e6 3. f4 Nc6 4.
Nf3 g6 5. d3 Bg7 6. g3 Nge7 7.
Bg2 d5 8. O-O O-O 9. e5 Rb8 10. g4 b5 11. Qe1 Qb6 12. Ne2 c4+ 13. d4 b4 14. c3 bxc3 15. bxc3 Qa5 16. Qh4 h6 17. f5 g5 18. Bxg5 exf5 19. Bxh6 Ng6 20.
Qh5 Rb2 21. Ng5 Bxe5 22. dxe5 Rxe2 23. gxf5 Qb6+ 24. Kh1 Qb2 25. Qh3 Ncxe5 26. Bxf8 Kxf8 27. Qh6+ Ke7 28. f6+ Kd6 29. Nxf7+ Kc5 30. Qg5 Nxf7 31. Qxg6 Be6 32. Rab1 Qxa2 33. Qg3 Qd2 34. Qc7# 1-0

[Event "Late-Titled-Tuesday-Blitz-April-23-2024"]
[Site "Chess.com"]
[Date "2024.04.23"]
[Round "6"]
[White "TimGrutter03"]
[Black "Binary010"]
[Result "0-1"]
[WhiteElo "2617"]
[BlackElo "2834"]
[TimeControl "180+1"]
[EndTime "15:08:12 PDT"]
[Termination "Binary010 won on time"]

1. c4 c5 2. Nf3 Nc6 3. g3 g6 4. Bg2 Bg7 5. O-O d6 6. Nc3 e5 7. d3 Nge7 8. Rb1 O-O 9. a3 a5 10. Ne1 Be6 11. b4 axb4 12. axb4 cxb4 13. Nd5 Qa5 14.
Nxb4 Nxb4 15. Bd2 Nec6 16. Nc2 d5 17. Nxb4 Nd4 18. Nxd5 Qa4 19. e3 Nf5 20. Qxa4 Rxa4 21. Rxb7 Rd8 22. Bc3 h5 23. h4 Ra3 24. Rc1 Nd6 25. Rb6 Nf5 26. e4 Nh6 27. c5 Ng4 28. c6 Bf8 29. c7 Rc8 30. f3 Bc5+ 31. d4 Bxb6 32. Ne7+ Kg7 33. Nxc8 Bxc8 34. Bb2 Rb3 35. Ba1 Ne3 36. dxe5 Nc2+ 0-1

[Event "Late-Titled-Tuesday-Blitz-April-23-2024"]
[Site "Chess.com"]
[Date "2024.04.23"]
[Round "6"]
[White "Sokoloco"]
[Black "Durarbayli"]
[Result "1-0"]
[WhiteElo "2775"]
[BlackElo "2904"]
[TimeControl "180+1"]
[EndTime "15:08:14 PDT"]
[Termination "Sokoloco won on time"]

1. b3 d5 2. Nf3 c5 3. Bb2 f6 4. e3 e5 5. d4 cxd4 6. exd4 e4 7.
Nfd2 f5 8. c4 Nf6 9. Nc3 Be6 10.
cxd5 Nxd5 11. Bc4 Bb4 12. Nxd5 Bxd5 13. Qh5+ g6 14. Qh6 Nc6 15. O-O Bxd2 16. Qxd2 Qd6 17. Rac1 O-O-O 18. Rfd1 Kb8 19. g3 Rhe8 20. Bxd5 Qxd5 21.
Rc5 Qd6 22. Rdc1 Ne5 23. Qb4 Nf3+ 24. Kg2 Rd7 25. Qc4 a6 26. Ba3 Nd2 27. Rc8+ Ka7 28. Bxd6 Nxc4 29. Bc5+ b6 30. Rxe8 Nb2 31. Re7 Rxe7 32.
Bxe7 Kb7 33. Bd6 a5 34. Rc7+ Ka6 35. Rxh7 Nd3 36. Rg7 Nc1 37. Rxg6 Nxa2 38. h4 Nc1 39. h5 1-0

[Event "Late-Titled-Tuesday-Blitz-April-23-2024"]
[Site "Chess.com"]
[Date "2024.04.23"]
[Round "6"]
[White "TigrVShlyape"]
[Black "Rodalquilar"]
[Result "1-0"]
[WhiteElo "3023"]
[BlackElo "2747"]
[TimeControl "180+1"]
[EndTime "15:08:15 PDT"]
[Termination "TigrVShlyape won on time"]

1. d4 d5 2. Bf4 Nf6 3. e3 Bf5 4.
c4 e6 5. Nc3 Bb4 6. Ne2 dxc4 7.
a3 Ba5 8. Qa4+ Nc6 9. Qxc4 O-O 10. b4 Bb6 11. Ng3 Bg6 12. Be2 Re8 13. Bg5 h6 14. Bh4 Bh7 15. Nh5 g5 16. Bg3 e5 17.
Nxf6+ Qxf6 18. Nd5 Qd8 19. Nxb6 axb6 20. d5 Ne7 21.
Bxe5 Qxd5 22. Bb2 Qxc4 23. Bxc4 Be4 24. f3 Bd5 25. Be2 f5 26. Kf2 Kf7 27. h4 Kg6 28.
hxg5 hxg5 29. e4 fxe4 30. fxe4 Bxe4 31. Bh5+ Kf5 32. Bxe8 Rxe8 33. Rae1 Nd5 34. Bc1 Kg4 35. Rh3 Rf8+ 36. Kg1 Bf5 37. Rf3 Rd8 38. Kf2 Nf4 39.
Rg3+ Kh5 40. Rh1+ Kg6 41. Bxf4 Rf8 42. Rxg5+ 1-0